 Dungeon Crawl Stone Soup version 0.18.1-48-g4cf74bf (webtiles) character file.

16 Krovax444 the Vexing (level 2, 0/14 HPs)
             Began as a Spriggan Arcane Marksman on July 7, 2016.
             Succumbed to a gnoll's poison
             ... on level 1 of the Dungeon.
             The game lasted 00:02:14 (425 turns).

Krovax444 the Vexing (Spriggan Arcane Marksman)      Turns: 425, Time: 00:02:14

Health: 0/14       AC:  2    Str:  7    XL:     2   Next: 37%
Magic:  5/5        EV: 18    Int: 14    God:
Gold:   0          SH:  0    Dex: 15    Spells: 1 memorised, 2 levels left

rFire  . . .     SeeInvis +     a - +0 hunting sling
rCold  . . .     Gourm    .     b - +0 robe
rNeg   . . .     Faith    .     (shield restricted)
rPois  .         Spirit   .     (helmet restricted)
rElec  .         Dismiss  .     (no cloak)
rCorr  .         Reflect  .     (gloves unavailable)
SustAt .         Harm     .     (boots unavailable)
MR     .....                    (no amulet)
Stlth  +.........               (no ring)
                                (no ring)

@: lethally poisoned (0 -> -13), very quick, not resistant to hostile
enchantments, very unstealthy
A: unfitting armour, see invisible, herbivore 3, speed 3, slow metabolism 2
a: no special abilities


You were on level 1 of the Dungeon.
You were not hungry.

You visited 1 branch of the dungeon, and saw 1 of its levels.

Inventory:

Hand Weapons
 a - a +0 hunting sling (weapon)
Missiles
 d - 17 sling bullets (quivered)
Armour
 b - a +0 robe (worn)
Scrolls
 e - a scroll of magic mapping {unknown}
Potions
 g - a potion of heal wounds {unknown}
Books
 c - a book of Debilitation

   Spells                             Type                      Level
   a - Corona                         Hexes                        1
   b - Slow                           Hexes                        2
   c - Gell's Gravitas                Hexes/Translocation          3
   d - Inner Flame                    Hexes/Fire                   3
   e - Cause Fear                     Hexes                        4
   f - Leda's Liquefaction            Hexes/Earth                  4
Comestibles
 f - 2 bread rations
 h - a chunk of flesh
 i - a slice of pizza


   Skills:
 + Level 0.7 Fighting
 + Level 3.1 Slings
 + Level 3.3 Dodging
 + Level 1.3 Spellcasting
 + Level 4.0 Hexes


You had 2 spell levels left.
You knew the following spells:

 Your Spells              Type           Power        Failure   Level  Hunger
a - Corona                Hex            ##.....      6%          1    ##.....


Dungeon Overview and Level Annotations

Branches:
Dungeon (1/15)

Altars:


Innate Abilities, Weirdness & Mutations

You are tiny and cannot use many weapons and most armour.
You have supernaturally acute eyesight.
You are a herbivore.
You cover ground extremely quickly.
You need consume almost no food.


Message History

The gnoll is lightly wounded.
Firing (i - inventory):
d - 19 sling bullets (quivered)
Press: ? - help, Shift-Dir - straight line, f/p - gnoll
Aim: a gnoll, wielding a halberd of venom (lightly wounded)
You shoot a sling bullet.
The sling bullet hits the gnoll but does no damage.
The gnoll is lightly wounded.
The gnoll hits you from afar with a halberd of venom!
Ouch! That really hurt!
* * * LOW HITPOINT WARNING * * *
You are lethally poisoned!
You are too injured to fight recklessly!
Firing (i - inventory):
d - 18 sling bullets (quivered)
Press: ? - help, Shift-Dir - straight line, f/p - gnoll
Aim: a gnoll, wielding a halberd of venom (lightly wounded)
You shoot a sling bullet. The sling bullet hits the gnoll.
The gnoll is moderately wounded.
* * * LOW HITPOINT WARNING * * *
You feel sick. The gnoll closely misses you.
You die...

...........#..#.
.....(....>.....
#(##(....♣♣♣♣♣♣♣♣♣
#(...(...♣.......♣
##....(..♣.PPPPP.♣
#...(r(.♣.P≈≈≈P.♣
#....g.(♣†P≈8≈P.♣
#.......(.P≈≈≈P.♣
###....@♣♣PPPPP.♣
##.....♣<.(....♣
#......♣♣♣♣♣♣♣♣♣
#### #.............
..$..##.............
#................
###.[............
#..............
#..............


You could see a gnoll and a rat.

Vanquished Creatures
  A dart slug (D:1)
  3 giant cockroaches (D:1)
  A hobgoblin (D:1)
  4 jackals (D:1)
  A kobold (D:1)
  A rat (D:1)
11 creatures vanquished.

Notes
Turn   | Place    | Note
--------------------------------------------------------------
     0 | D:1      | Krovax444 the Spriggan Arcane Marksman began the quest for the Orb.
     0 | D:1      | Reached XP level 1. HP: 9/9 MP: 3/3
   152 | D:1      | Reached skill level 4 in Hexes
   227 | D:1      | Reached XP level 2. HP: 14/14 MP: 5/5
   425 | D:1      | Succumbed to a gnoll's poison

Skill      XL: |  1  2 |
---------------+-------+-----
Hexes          | 4 |  4.0
Slings         | 3 |  3.1
Fighting       | |  0.7
Dodging        | |  3.3
Spellcasting   | |  1.3

Action                   || total
-------------------------++-------
 Fire: Hunting sling     ||    49
Armor: Robe              ||     4
Dodge: Dodged            ||    18
